 Dungeon Crawl Stone Soup version 0.29.1-1-gd02db6906a (webtiles) character file.

Game seed: 15179702438892609318

16908 anonymouscript the Thaumaturge (level 12, -3/85 HPs)
             Began as a Djinni Fire Elementalist on Oct 10, 2022.
             Was a High Priest of Nemelex Xobeh.
             Killed by an exploding bloated husk (45 damage)
             ... on level 1 of the Swamp.
             The game lasted 00:59:22 (14060 turns).

anonymouscript the Thaumaturge (DjFE)              Turns: 14060, Time: 00:59:30

Health: -3/85      AC: 12    Str:  7    XL:     12   Next: 76%
Gold:   608        EV: 19    Int: 18    God:    Nemelex Xobeh [*****.] SH:  0 Dex: 24

rFire   + + +      SeeInvis .   (no weapon)
rCold   x . .      Faith    .   (no shield)
rNeg    . . .      Spirit   .   a - +0 robe
rPois   ∞          Reflect  .   f - +2 helmet of Inviolability {rF+ Will+}
rElec   .          Harm     .   R - +2 cloak {rCorr}
rCorr   +          Rampage  .   (no gloves)
Will    ++...                   (boots unavailable)
Stlth   +++.......              (no amulet)
HPRegen 0.24/turn               L - +4 ring of protection
MPRegen 0.00/turn               I - +6 ring of dexterity

@: swift, forested, flying, studying Shields, very quick
A: sickness immunity, fire resistance 2, cold vulnerability 1, float, innate
caster, HP casting, extra vitality 1
a: Renounce Religion, Draw Escape, Draw Destruction, Draw Summoning, Triple
Draw, Deal Four, Stack Five


You were on level 1 of the Swamp.
You worshipped Nemelex Xobeh.
Nemelex Xobeh was extremely pleased with you.
You visited 5 branches of the dungeon, and saw 14 of its levels.
You also visited: Ossuary.

You collected 608 gold pieces.

Inventory:

Hand Weapons
 n - a +1 dagger
 v - a +0 vorpal long sword
 B - the +6 short sword "Plog" {vorpal, rPois rC- SInv}
   (You found it on level 4 of the Dungeon)

   It inflicts extra damage upon your enemies.
   rC:        It makes you vulnerable to cold.
   rPois:     It protects you from poison.
   SInv:      It lets you see invisible.
 D - a +1 flail of pain
 G - a +2 vampiric hand axe
 M - a +0 scimitar
Missiles
 b - a throwing net
 c - 12 poisoned darts
 H - 2 javelins
Armour
 a - a +0 robe (worn)
 e - a +0 ring mail
 f - the +2 helmet of Inviolability (worn) {rF+ Will+}
   (You acquired it on level 2 of the Dungeon)

   rF:        It protects you from fire.
   Will:      It increases your willpower.
 m - a +0 helmet
 y - a +0 buckler
 z - a +0 kite shield
 O - a +1 cloak
 R - a +2 cloak of preservation (worn)
 S - a +1 plate armour of cold resistance
Jewellery
 d - a ring of resist corrosion
 I - a +6 ring of dexterity (right hand)
 K - a ring of willpower
 L - a +4 ring of protection (left hand)
Wands
 j - a wand of iceblast (14)
 l - a wand of quicksilver (14)
Scrolls
 g - 2 scrolls of silence
 o - 2 scrolls of blinking {unknown}
 q - a scroll of vulnerability {unknown}
 t - a scroll of teleportation
 u - a scroll of noise
 w - 2 scrolls of immolation
 E - 2 scrolls of enchant weapon
 F - 10 scrolls of identify
 J - a scroll of fear
 T - a scroll of butterflies {unknown}
 U - a scroll of brand weapon {unknown}
 V - 2 scrolls of poison {unknown}
Potions
 h - 2 potions of cancellation
 i - 5 potions of curing
 k - a potion of mutation
 p - 2 potions of lignification {unknown}
 r - 5 potions of might {unknown}
 s - a potion of berserk rage {unknown}
 x - 2 potions of haste {unknown}
 A - 4 potions of invisibility {unknown}
 C - a potion of attraction {unknown}
 N - a potion of magic {unknown}
 P - a potion of resistance {unknown}
Miscellaneous
 Q - a phantom mirror


   Skills:
 * Level 7.5 Fighting
 + Level 0.7 Short Blades
 * Level 8.2 Dodging
 + Level 4.1 Stealth
 + Level 12.9 Spellcasting
 * Level 2.1 Invocations


You had 8 spell levels left.
You knew the following spells:

 Your Spells              Type           Power      Damage    Failure   Level
a - Foxfire               Conj/Fire      100%       2x1d9     1%          1
b - Scorch                Fire           100%       2d10      1%          2
c - Conjure Flame         Conj/Fire      55%        6-21      1%          3
d - Inner Flame           Hex/Fire       55%        N/A       1%          3
e - Flame Wave            Conj/Fire      55%        2d13      1%          4
f - Shock                 Conj/Air       100%       1d9       1%          1
g - Poisonous Vapours     Pois/Air       100%       N/A       1%          2
h - Swiftness             Air            55%        N/A       1%          3
i - Fulminant Prism       Conj/Hex       27%        3d14      1%          4
j - Summon Forest         Summ/Tloc      27%        N/A       1%          5
Your spell library was empty.

Dungeon Overview and Level Annotations

Branches:
Dungeon (8/15)             Temple (1/1) D:7            Lair (3/5) D:8
  Swamp (1/4) Lair:3        Snake (1/4) Lair:2      Ossuary (visited)

Altars:
Ashenzari
Cheibriados
Elyvilon
Fedhas
Hepliaklqana
Makhleb
Nemelex Xobeh
Okawaru
Qazlal
Ru
Trog
Uskayaw
Wu Jian
Xom
Yredelemnul
Zin
The Shining One

Annotations:
Lair:2 1 runed translucent door, Pekhoexymp's ghost, journeyman DEHW
Lair:3 Nessos
Swamp:1 Louise


Innate Abilities, Weirdness & Mutations

You are immune to sickness and miasma.
You are immune to poison.
Your flesh is very heat resistant. (rF++)
You are vulnerable to cold. (rC-)
You float through the air rather than walking.
You learn spells naturally, not from books.
Your magical power is your life essence.
You have superior vitality. (+4 MHP)


Message History

Casting: Summon Forest (dangerous; 1% risk of failure)
Confirm with . or Enter, or press ? or * to list all spells.
Flames lash the seven-headed hydra.
Flame seeps out of the seven-headed hydra.
The seven-headed hydra is lightly wounded.
The seven-headed hydra's fire resistance burns away.
The seven-headed hydra is engulfed in a cloud of scalding steam.
Flame seeps out of the seven-headed hydra.
The seven-headed hydra closely misses you.
The seven-headed hydra bites you!
The seven-headed hydra closely misses you.
The seven-headed hydra bites you. The seven-headed hydra bites you!
The seven-headed hydra completely misses you.
The seven-headed hydra misses you.
Your dryad hits the tyrant leech.
Flame seeps out of the tyrant leech.
The bog body gestures at you while chanting.
You resist with almost no effort. What are your orders? t - Shout!
Orders for allies: a - Attack new target. r - Retreat! s - Stop attacking. g - Guard the area. f - Follow me.
Anything else - Cancel.
Okay, then.
The seven-headed hydra is engulfed in a cloud of scalding steam.
Flame seeps out of the seven-headed hydra.
Casting: Scorch (safe; 1% risk of failure)
Confirm with . or Enter, or press ? or * to list all spells.
Flames lash the bog body.
The bog body resists.
Flame seeps out of the bog body.
The bog body is lightly damaged.
The bog body's fire resistance burns away.
The swamp dragon roars deafeningly!
The trees move their gnarly branches around.
A root smacks the swamp dragon from below!
The bloated husk explodes!
The blast of putrescent gases engulfs you!!!
Ouch! That really hurt!
You die...
Your body glows with a rainbow of weird colours and disappears.

..~~ ....~~~~~~~....
♣... ....~~~§...♣[..~~
♣... ♣.~~n.~~....♣.~~.
♣♣?~♣ ♣.~~~~.>....~.~~.
~.~~
♣.~~~~..........♣♣♣♣♣~.~
♣.~~~~......♣.~.~♣♣.♣♣~.
.~~~~..§~n~~.....~~~..?.
.~~~...@D§~~..~~~~~~<.♣♣
.~~~w.~~.~~~D~..~D~@..♣
.~~.....w?..♣♣.......~♣
.~~~~~~..R~~§♣♣.♣♣♣.....
~.~§§~~..~~~~.♣♣♣ ♣♣...~
~..~~~..>~~~~..♣ ....§
..~~..♣♣♣.....♣♣ .~.~~
~.♣♣♣♣ ♣~♣♣♣♣ ♣./.~~ ♣♣


You could see a seven-headed hydra (inner flame, combustible), a swamp dragon
(distracted), a tyrant leech (inner flame, ally target), 2 bog bodies, a swamp
worm (inner flame) and a friendly dryad (summoned).

Vanquished Creatures
  A catoblepas (Lair:2)
  A naga ritualist (Snake:1)
  A manticore (D:7)
  3 black mambas
  Maurice (D:8)
  2 cane toads
  A gargoyle (D:7)
  2 komodo dragons
  A polar bear (Lair:2)
  6 blink frogs
  A dream sheep (Lair:1)
  17 yaks
  3 wyverns
  Eustachio (D:6)
  A basilisk (Lair:3)
  7 nagas
  3 vampire mosquitoes (Lair:3)
  Edmund (D:5)
  A swamp worm (Lair:3)
  2 acid dragons
  9 water moccasins
  An orc warrior (D:8)
  2 ice beasts
  3 sky beasts
  2 black bears (D:5)
  An ogre (D:3)
  4 wolves (Lair:3)
  3 phantoms
  A kobold brigand (D:8)
  Blork the orc (D:4)
  2 bullfrogs
  A wyvern zombie (D:8)
  A water moccasin zombie (Ossuary)
  5 scorpions
  A wight (Ossuary)
  2 electric eels
  2 howler monkeys
  A centaur zombie (Ossuary)
  A jelly (D:6)
  2 bullfrog zombies (Ossuary)
  4 hounds
  3 gnoll boudas
  A scorpion zombie (Ossuary)
  13 orc wizards
  A killer bee zombie (D:8)
  16 gnolls
  5 adders
  A shadow imp (D:5)
  A white imp (D:5)
  3 ufetubi
  An adder zombie (Ossuary)
  2 worms
  3 dart slugs
  26 orcs
  5 endoplasms
  2 giant cockroaches
  5 goblins
  5 hobgoblins
  4 quokkas
  4 ball pythons
  9 bats
  5 frilled lizards
  4 gnoll zombies (Ossuary)
  3 goblin zombies (Ossuary)
  2 hobgoblin zombies (Ossuary)
  4 kobolds (D:8)
  3 orc zombies (Ossuary)
  6 rats
  A snaplasher vine (Lair:2)
243 creatures vanquished.

Vanquished Creatures (collateral kills)
  The ghost of hawla the Arsonist, a journeyman MeFE of Vehumet (Lair:1)
  A rime drake (Lair:1)
  3 blink frogs (Lair:1)
  3 yaks (Lair:1)
  A basilisk (Lair:1)
  A vampire mosquito (Lair:3)
  A naga (Snake:1)
  A water moccasin (Lair:2)
  A black bear (Lair:1)
  10 foxfires
23 creatures vanquished.

Vanquished Creatures (others)
  A bloated husk (Swamp:1)
  712 foxfires
  4 fulminant prisms
  10 fungi
  25 plants
  A snaplasher vine (Lair:2)
753 creatures vanquished.

Grand Total: 1019 creatures vanquished

Notes
Turn   | Place    | Note
-------+----------+-------------------------------------------
     0 | D:1      | anonymouscript the Djinni Fire Elementalist began the quest
                  | for the Orb.
     0 | D:1      | anonymouscript set off with the following spells memorised:
                  | Foxfire, Scorch, Conjure Flame, Inner Flame, Flame Wave.
     0 | D:1      | Reached XP level 1. HP: 15/15 MP: 0/0
   333 | D:1      | Found a faded altar of an unknown god.
   333 | D:1      | Noticed a Hell Sentinel
   429 | D:1      | Reached XP level 2. HP: 17/21 MP: 0/0
   861 | D:1      | You are sucked into a shaft and drop 1 floor!
   862 | D:2      | Found a sparkling altar of Nemelex Xobeh.
   868 | D:2      | Reached skill level 3 in Spellcasting
   874 | D:2      | Became a worshipper of Nemelex Xobeh the Trickster
   907 | D:2      | Reached XP level 3. HP: 20/25 MP: 0/0
   907 | D:2      | Learned a level 1 spell: Shock
  1887 | D:1      | Reached * piety under Nemelex Xobeh
  2068 | D:3      | Noticed an ogre
  2080 | D:3      | Killed an ogre
  2081 | D:3      | Reached skill level 4 in Spellcasting
  2081 | D:3      | Reached XP level 4. HP: 24/31 MP: 0/0
  2081 | D:3      | Reached XP level 5. HP: 28/35 MP: 0/0
  2081 | D:3      | Learned a level 2 spell: Poisonous Vapours
  2675 | D:2      | Identified a scroll of acquirement
  2676 | D:2      | Acquired the +2 helmet of Inviolability {rF+ Will+}
  3025 | D:4      | Noticed Blork the orc
  3032 | D:4      | Killed Blork the orc
  3033 | D:4      | Reached XP level 6. HP: 29/40 MP: 0/0
  3125 | D:4      | Reached skill level 5 in Spellcasting
  3127 | D:5      | Entered Level 5 of the Dungeon
  3581 | D:4      | Reached XP level 7. HP: 15/45 MP: 0/0
  3581 | D:4      | Learned a level 3 spell: Swiftness
  3601 | D:4      | Found a sand-covered staircase.
  3617 | Ossuary  | Entered an ossuary
  4256 | Ossuary  | Reached skill level 6 in Spellcasting
  4281 | Ossuary  | Noticed a silent spectre
  4353 | D:4      | Identified the +6 short sword "Plog" {vorpal, rPois rC-
                  | SInv}
  4368 | D:4      | Reached XP level 8. HP: 48/51 MP: 0/0
  4733 | D:4      | Received a gift from Nemelex Xobeh
  4848 | D:4      | Found an ornate altar of the Wu Jian Council.
  5070 | D:5      | Noticed Edmund
  5077 | D:5      | Killed Edmund
  5189 | D:5      | Reached ** piety under Nemelex Xobeh
  5254 | D:5      | Found a hazy altar of Hepliaklqana.
  5359 | D:5      | Found a bloodstained altar of Trog.
  5377 | D:5      | Reached skill level 7 in Spellcasting
  5708 | D:6      | Received a gift from Nemelex Xobeh
  5718 | D:6      | Reached XP level 9. HP: 42/56 MP: 0/0
  5718 | D:6      | Learned a level 4 spell: Fulminant Prism
  5792 | D:6      | Reached skill level 1 in Fighting
  5840 | D:6      | Reached skill level 8 in Spellcasting
  6062 | D:6      | Noticed Eustachio
  6067 | D:6      | Killed Eustachio
  6334 | D:6      | Found a stormy altar of Qazlal.
  7048 | D:7      | Found a staircase to the Ecumenical Temple.
  7063 | Temple   | Entered the Ecumenical Temple
  7378 | D:7      | Found a glowing golden altar of the Shining One.
  7378 | D:7      | Noticed a manticore
  7384 | D:7      | Killed a manticore
  7385 | D:7      | Reached skill level 5 in Dodging
  7385 | D:7      | Reached skill level 9 in Spellcasting
  7390 | D:7      | Reached XP level 10. HP: 24/67 MP: 0/0
  7767 | D:7      | Noticed a gargoyle
  7788 | D:7      | Killed a gargoyle
  7998 | D:7      | Found an iron altar of Okawaru.
  8044 | D:7      | Reached *** piety under Nemelex Xobeh
  8380 | D:8      | Found an iron altar of Okawaru.
  8428 | D:8      | Identified the +5 dagger of Nemelex Xobeh's Envy {freeze,
                  | Int+6}
  8490 | D:8      | Noticed a komodo dragon
  8531 | D:8      | Killed a komodo dragon
  8744 | D:8      | Reached skill level 10 in Spellcasting
  8862 | D:8      | Found a staircase to the Lair.
  9061 | D:8      | Noticed Maurice
  9065 | D:8      | Killed Maurice
  9441 | D:8      | Found a basalt altar of Yredelemnul.
  9541 | Lair:1   | Entered Level 1 of the Lair of Beasts
  9546 | Lair:1   | Reached XP level 11. HP: 50/74 MP: 0/0
  9546 | Lair:1   | Learned a level 5 spell: Summon Forest
  9837 | Lair:1   | Reached skill level 5 in Fighting
 10061 | Lair:1   | Reached skill level 11 in Spellcasting
 10193 | Lair:1   | Reached **** piety under Nemelex Xobeh
 10222 | Lair:1   | Found a runed translucent door.
 10235 | Lair:1   | Noticed hawla's ghost (journeyman MeFE)
 10458 | Lair:1   | Killed hawla's ghost
 10783 | Lair:1   | Received a gift from Nemelex Xobeh
 11143 | Lair:2   | Found a runed translucent door.
 11153 | Lair:2   | Noticed Pekhoexymp's ghost (journeyman DEHW)
 11179 | Lair:2   | Noticed a catoblepas
 11197 | Lair:2   | Killed a catoblepas
 11426 | Lair:2   | Reached XP level 12. HP: 78/84 MP: 0/0
 11509 | Lair:2   | Reached skill level 12 in Spellcasting
 11651 | Lair:2   | Received a gift from Nemelex Xobeh
 12011 | Lair:2   | Reached ***** piety under Nemelex Xobeh
 12081 | Lair:2   | Found a staircase to the Snake Pit.
 12319 | Snake:1  | Entered Level 1 of the Snake Pit
 12319 | Snake:1  | Noticed a naga ritualist
 12325 | Snake:1  | Noticed a naga warrior
 12327 | Snake:1  | Killed a naga ritualist
 12328 | Snake:1  | Reached skill level 1 in Invocations
 12612 | Lair:3   | Noticed Nessos
 12729 | Lair:3   | Received a gift from Nemelex Xobeh
 13802 | Lair:3   | Found a staircase to the Swamp.
 13843 | Swamp:1  | Entered Level 1 of the Swamp
 13844 | Swamp:1  | Noticed a swamp dragon
 13849 | Swamp:1  | Noticed Louise
 14052 | Swamp:1  | Noticed a seven-headed hydra
 14060 | Swamp:1  | Killed by an exploding bloated husk

Illustrated notes

Levels and vault maps discovered:
D:1:      minmay_arrival_floating_metal, layout_basic,
          dreamdust_ecumenical_altar_sealed_demon,
          chequers_serial_rivers_small_a, minmay_misc_feat_plants, minivault_27,
          minmay_misc_feat_x, serial_bayou_pond_c
D:2:      layout_loops_ring, basic_altar
D:3:      layout_basic
D:4:      layout_basic, nicolae_wu_jian_wuxing_cycle,
          lightli_ossuary_entry_decrepit_ruins, uniq_blork_the_orc
D:5:      layout_cave_pools, trog_ov_bears_minmay,
          mainiacjoe_overflow_boulevard, uniq_edmund
D:6:      layout_rooms, kennysheep_mini, grunt_decor_clamped,
          chequers_serial_rivers_small_3, feat_on_display, uniq_eustachio
D:7:      layout_cave_pods, mainiacjoe_overflow_24_doors,
          nicolae_sif_muna_little_library, minmay_temple_entry_junction_2,
          hangedman_feature_mirror, kennysheep_generic_room_2
D:8:      layout_gridville, okawaru_gym_becter, lemuel_zombie_altar_yredelemnul,
          grunt_lair_entry_orc_guard_hut, grunt_decor_mini_mirrors, uniq_maurice
Temple:   minmay_temple_curvy_loop
Lair:1:   layout_hall_layers, ebering_ghost_inner_flame,
          chequers_serial_rivers_micro_d, serial_bayou_ford_a
Lair:2:   layout_long_grid, minmay_snake_entry_guardpost_medium,
          ebering_ghost_reflecting_pool, roderic_batcave
Lair:3:   layout_cave_pods, minmay_swamp_entry_swarm, uniq_nessos
Swamp:1:  nicolae_swamp_long_stream, layout_basic_swamp,
          evilmike_swamp_ruin_house_4, uniq_louise
Snake:1:  layout_rooms, serial_shops, shop_fountains, grunt_megastairs_3

Skill      XL: |  1  2  3  4  5  6  7  8  9 10 11 12 |
---------------+-------------------------------------+-----
Spellcasting   | 3 4 5 6 7 9 10 11 12 | 12.9
Stealth        | 2 3 4 |  4.1
Dodging        | 3 5 6 7 8 |  8.2
Fighting       | 3 4 6 7 |  7.5
Invocations    | 2 |  2.1
Short Blades   | |  0.7

Action                   |  1- 3 |  4- 6 |  7- 9 | 10-12 || total
-------------------------+-------+-------+-------+-------++-------
Melee: Short sword       |       |       |     1 |     5 ||     6
 Cast: Foxfire           |    65 |    29 |   149 |   180 ||   423
       Scorch            |     6 |    22 |    43 |    92 ||   163
       Conjure Flame     |     2 |     5 |       |       ||     7
       Inner Flame       |       |     4 |    10 |    34 ||    48
       Flame Wave        |       |     1 |       |     4 ||     5
       Poisonous Vapours |       |       |     2 |     1 ||     3
       Fulminant Prism   |       |       |     1 |     3 ||     4
       Swiftness         |       |       |       |     4 ||     4
       Summon Forest     |       |       |       |     9 ||     9
Invok: Draw Summoning    |       |       |     1 |       ||     1
       Draw Destruction  |       |       |       |     2 ||     2
  Use: Potion            |     2 |     1 |       |     2 ||     5
       Scroll            |       |     8 |     4 |     2 ||    14
Armor: Robe              |       |     2 |    10 |    26 ||    38
Dodge: Dodged            |     1 |    20 |    27 |    96 ||   144
